 Dungeon Crawl Stone Soup version 0.29-a0-100-g60f898f876 (webtiles) character file.

Game seed: 11220830743270423297

51 cyrus the Skirmisher (level 3, -1/30 HPs)
             Began as a Merfolk Fighter on Feb 14, 2022.
             Was a Believer of Zin.
             Slain by an orc (3 damage)
             ... on level 1 of the Dungeon.
             The game lasted 00:04:24 (773 turns).

cyrus the Skirmisher (Merfolk Fighter)               Turns: 773, Time: 00:04:24

Health: -1/30      AC:  6    Str: 16    XL:     3   Next: 83%
Magic:  3/3        EV:  9    Int:  9    God:    Zin [**....]
Gold:   45         SH:  4    Dex: 13    Spells: 2/2 levels left

rFire   . . .      SeeInvis .   d - +0 flail (venom)
rCold   . . .      Faith    .   c - +0 buckler
rNeg    . . .      Spirit   .   b - +0 scale mail
rPois   .          Reflect  .   (no helmet)
rElec   .          Harm     .   (no cloak)
rCorr   +          Rampage  .   (no gloves)
Will    .....                   (no boots)
Stlth   ..........              (no amulet)
HPRegen 0.10/turn               e - ring of resist corrosion
MPRegen 0.08/turn               (no ring)

@: no status effects
A: (nimble swimmer 2), mertail
a: Renounce Religion, Recite, Vitalisation, Donate Gold


You were on level 1 of the Dungeon.
You worshipped Zin.
Zin was pleased with you.
You visited 1 branch of the dungeon, and saw 2 of its levels.

You collected 99 gold pieces.
You donated 54 gold pieces to Zin.

Inventory:

Hand Weapons
 a - a +0 trident
 d - a +0 flail of venom (weapon)
Armour
 b - a +0 scale mail (worn)
 c - a +0 buckler (worn)
Jewellery
 e - a ring of resist corrosion (left hand)
Potions
 f - a potion of attraction {unknown}
 g - a potion of mutation {unknown}
 h - a potion of flight {unknown}
 i - a potion of heal wounds {unknown}
 j - a potion of curing {unknown}


   Skills:
 + Level 3.6 Fighting
 + Level 1.0 Maces & Flails
 + Level 3.4 Polearms
 + Level 2.5 Armour
 + Level 0.8 Dodging
 + Level 3.3 Shields


You had 2 spell levels left.
You didn't know any spells.
Your spell library was empty.

Dungeon Overview and Level Annotations

Branches:
Dungeon (2/15)

Altars:
Zin


Innate Abilities, Weirdness & Mutations

((You are very nimble when in or above water. (Stealth+, EV+, Speed+++)))
Your lower body shifts to a powerful aquatic tail in water.


Message History

The adder bites you but does no damage.
You closely miss the adder.
The adder is almost dead.
The orc hits you with a +0 dagger. The adder closely misses you.
The orc hits you but does no damage. The adder barely misses you.
You barely miss the adder.
The adder is almost dead.
You kill the adder!
The orc barely misses you.
Your Maces & Flails skill increases to level 1!
You thump the orc!
The orc is poisoned.
The orc is almost dead.
You kill the orc!
There is a stone staircase leading down here.
You see here a +0 dagger.
There is a stone staircase leading down here.
You see here a +0 dagger.
You climb downwards.
The bat closely misses you. The orc closely misses you.
The orc hits you with a +0 mace. The bat hits you but does no damage.
There is a stone staircase leading up here.
The bat hits you. The orc completely misses you. The orc misses you.
The orc barely misses you.
You climb upwards.
There is a stone staircase leading down here.
You see here a +0 dagger.
You sock the orc!
You kill the orc!
The orc barely misses you. x3
The orc hits you with a +0 mace. The orc hits you with a +0 short sword.
* * * LOW HITPOINT WARNING * * *
You see here a +0 flail.
You barely miss the orc. The orc hits you with a +0 mace!
* * * LOW HITPOINT WARNING * * *
The orc hits you but does no damage. The orc closely misses you.
The orc hits you but does no damage. x2
You hit the orc.
The orc is poisoned.
The orc is severely wounded.
You kill the orc!
The orc hits you with a +0 mace.
You die...

#.##....#.#.#.##......##...##....
#.##...#.#.#.#.##................
#.##..............######.........
#.##.......#.###########.........
#.##......>..#######.............
#.######.....#...#...##.......##.
#.# #..........)>.........#...##.
#.# #..........o)).....#.....###.
#.###...........@......#.....# #.
#..##......................#.# ##
##.##......................#.#
#.##................#..#....#
#.##.......#.....###......### ##
##.##...........#####...#..# ##.
...#####.###....##.....##..# #..
...# #.###....##.#...##..####.#
...## #.#.....###.#.####...#...#


You could see an orc.

Vanquished Creatures
  An adder (D:1)
  A gnoll (D:1)
  2 dart slugs (D:1)
  4 orcs (D:1)
  2 endoplasms (D:1)
  2 goblins
  A hobgoblin (D:1)
  2 quokkas (D:1)
  3 ball pythons
  2 bats (D:1)
  6 frilled lizards (D:1)
  2 kobolds (D:1)
  2 rats (D:1)
30 creatures vanquished.

Notes
Turn   | Place    | Note
-------+----------+-------------------------------------------
     0 | D:1      | cyrus the Merfolk Fighter began the quest for the Orb.
     0 | D:1      | Reached XP level 1. HP: 18/18 MP: 1/1
    45 | D:1      | Reached XP level 2. HP: 18/24 MP: 2/2
   289 | D:1      | Reached XP level 3. HP: 28/29 MP: 3/3
   414 | D:1      | Found a faded altar of an unknown god.
   421 | D:1      | Prayed at the altar of an unknown god.
   421 | D:1      | Became a worshipper of Zin the Law-Giver
   421 | D:1      | Reached * piety under Zin
   428 | D:1      | Donated 22 gold pieces to Zin
   492 | D:1      | Reached ** piety under Zin
   493 | D:1      | Donated 23 gold pieces to Zin
   758 | D:1      | Reached skill level 1 in Maces & Flails
   771 | D:1      | HP: 1/30 [orc (7)]
   773 | D:1      | Slain by an orc

Illustrated notes

Levels and vault maps discovered:
D:1:      lightli_arrival_chessboard, layout_rooms,
          dilly_ecumenical_altar_fadedgnrine, minmay_pentomino_v4
D:2:      layout_rooms, serial_co_window_serial, co_window_paths_b,
          co_window_corner_a, co_window_corner_a, co_window_corner_a,
          co_window_paths_b, co_window_unsneaky_path_c, co_window_paths_c,
          co_window_paths_c, co_window_unsneaky_path_c, co_window_cross_4,
          co_window_2corner, co_window_corner_b, glass_columns_a,
          glass_columns_b, glass_columns_b, glass_columns_a, uniq_sigmund,
          uniq_jessica

Skill      XL: |  1  2  3 |
---------------+----------+-----
Maces & Flails | 1 |  1.0
Fighting       | |  3.6
Polearms       | |  3.4
Armour         | |  2.5
Dodging        | |  0.8
Shields        | |  3.3

Action                   || total
-------------------------++-------
Melee: Trident           ||    13
       Flail             ||    80
Invok: Donate Gold       ||     2
  Use: Potion            ||     1
Armor: Scale mail        ||    87
Dodge: Dodged            ||    81
Block: Buckler           ||    34

Table legend: (Time is in decaauts)
 A = Elapsed time spent in this place.
 B = Non-inter-level travel time spent in this place.
 C = Inter-level travel time spent in this place.
 D = Time resting spent in this place.
 E = Time spent auto-exploring this place.
 F = Levels seen in this place.
 G = Mean time per level.
                   A        B        C        D        E       F      G
               +--------+--------+--------+--------+--------+-----+--------+
         Total |    809 |    784 |     25 |      0 |    430 |   2 |  404.5 |
       Dungeon |    809 |    784 |     25 |      0 |    430 |   2 |  404.5 |
               +--------+--------+--------+--------+--------+-----+--------+

Top non-repeatable levels by time:
     D:1: 729 daAuts
     D:2: 80 daAuts
